 Dungeon Crawl Stone Soup version 0.20.1-1-g8b1a95d (webtiles) character file.

128 slep the Slasher (level 4, 0/34 HPs)
             Began as a Demonspawn Gladiator on Oct 23, 2017.
             Slain by a jackal (3 damage)
             ... on level 5 of the Dungeon.
             The game lasted 00:14:42 (2325 turns).

slep the Slasher (Demonspawn Gladiator)             Turns: 2325, Time: 00:14:45

Health: 0/34       AC:  9    Str: 18    XL:     4   Next: 86%
Magic:  4/4        EV:  7    Int:  9    God:    Xom [.*....]
Gold:   196        SH: 12    Dex: 15    Spells: 3/3 levels left

rFire    . . .     SeeInvis .   a - +0 long sword
rCold    . . .     Gourm    .   o - +0 large shield
rNeg     . . .     Faith    .   q - +0 ring mail (curse)
rPois    .         Spirit   .   B - +0 helmet
rElec    .         Reflect  .   (no cloak)
rCorr    .         Harm     .   w - +0 pair of gloves {Str+3}
MR       .....                  (no boots)
Stlth    +.........             (no amulet)
Regen    0.2/turn               (no ring)
MPRegen  0.1/turn               (no ring)

@: flying
A: icy blue scales 1
a: Renounce Religion


You were on level 5 of the Dungeon.
You worshipped Xom.
You were a plaything of Xom.
You were very hungry.

You visited 1 branch of the dungeon, and saw 5 of its levels.

You collected 196 gold pieces.

Inventory:

Hand Weapons
 a - a +0 long sword (weapon)
 z - a +2 whip of venom
Missiles
 d - 4 throwing nets (quivered)
Armour
 b - a +0 leather armour
 c - a +0 helmet
 o - a +0 large shield (worn)
 q - a cursed +0 ring mail (worn)
 w - a +0 pair of gloves of strength (worn)
 B - a +0 helmet (worn)
Wands
 C - a wand of lightning (1/15)
Scrolls
 e - 3 scrolls of identify {unknown}
 g - 3 scrolls of remove curse {unknown}
 i - a scroll of blinking {unknown}
 m - 3 scrolls of random uselessness {unknown}
 n - a scroll of teleportation {unknown}
 p - a scroll of magic mapping {unknown}
 t - a scroll of fog {unknown}
 y - a scroll of noise {unknown}
 A - a scroll of fear {unknown}
Potions
 k - 2 potions of haste
 r - a potion of mutation {unknown}
 s - a potion of invisibility
 u - a potion of agility {unknown}
 x - a potion of berserk rage {unknown}
Comestibles
 f - 3 bread rations
 h - 2 royal jellies
 j - 6 meat rations
 v - 3 fruits


   Skills:
 + Level 2.7 Fighting
 + Level 3.8 Long Blades
 + Level 1.7 Throwing
 + Level 1.3 Armour
 + Level 3.1 Dodging
 + Level 0.6 Stealth
 + Level 1.0 Shields


You had 3 spell levels left.
You didn't know any spells.

Dungeon Overview and Level Annotations

Branches:
Dungeon (5/15)
 Temple: D:4-7

Altars:
Cheibriados
Dithmenos
Elyvilon
Fedhas
Okawaru
Qazlal
Sif Muna
Xom
Yredelemnul


Innate Abilities, Weirdness & Mutations

You are partially covered in icy blue scales. (AC +2)


Message History

You block the jackal's attack. You block the adder's attack.
You climb downwards.
A worker ant comes into view.
The worker ant twitches its antennae in your direction.
Found 9 gold pieces.
There is a stone staircase leading up here.
You block the jackal's attack.
You hear Xom's avuncular chuckle.
The worker ant changes into a howler monkey!
You are now a plaything of Xom.
The adder barely misses you.
You riposte.
You hit the adder.
The adder is moderately wounded.
You block the jackal's attack.
It was a potion of flight.
You feel very buoyant.
You fly up into the air.
Xom thinks this is hilarious!
The jackal bites you.
You die... "Boring in life, boring in death..."

### ..#
###.###
.....#
..#.#
#.#@#
###.#h#
#....S#
#.$..#.#
#.<.###.#
#....# ##
#.....#
###.#.#
#.#.#


You could see an adder and a jackal.

Vanquished Creatures
  Terence (D:3)
  3 adders
  An ooze (D:3)
  A worm (D:2)
  2 dart slugs (D:1)
  A leopard gecko (D:1)
  An orc (D:3)
  2 ball pythons
  4 giant cockroaches
  9 goblins
  8 hobgoblins
  3 jackals (D:3)
  2 quokkas (D:3)
  5 bats
  3 frilled lizards
  9 kobolds
  7 rats
  2 fungi (D:2)
  A plant (D:2)
65 creatures vanquished.

Notes
Turn   | Place    | Note
-------+----------+-------------------------------------------
     0 | D:1      | slep the Demonspawn Gladiator began the quest for the Orb.
     0 | D:1      | Reached XP level 1. HP: 16/16 MP: 1/1
   229 | D:1      | Gained mutation: You are partially covered in icy blue scales. (AC +2) [demonic ancestry]
   229 | D:1      | Reached XP level 2. HP: 5/22 MP: 2/2
   230 | D:1      | HP: 1/22 [leopard gecko (4)]
   790 | D:1      | Reached XP level 3. HP: 23/28 MP: 3/3
   884 | D:2      | Found an iron altar of Okawaru.
   884 | D:2      | Found a snail-covered altar of Cheibriados.
   884 | D:2      | Found a deep blue altar of Sif Muna.
   884 | D:2      | Found a shimmering altar of Xom.
   884 | D:2      | Found a stormy altar of Qazlal.
   884 | D:2      | Found a basalt altar of Yredelemnul.
   901 | D:2      | Found a white marble altar of Elyvilon.
   947 | D:2      | Became a worshipper of Xom the Elder Chaos God
  1116 | D:2      | XOM: divination: detect creatures
  1122 | D:2      | Found a blossoming altar of Fedhas.
  1490 | D:2      | XOM: harmless Hex miscast
  1577 | D:3      | XOM: stealth player
  1602 | D:3      | Found a shadowy altar of Dithmenos.
  1608 | D:3      | Reached skill level 1 in Armour
  1615 | D:3      | Reached XP level 4. HP: 30/34 MP: 4/4
  1782 | D:3      | Noticed Terence
  1811 | D:3      | Killed Terence
  1970 | D:3      | Reached skill level 1 in Shields
  2283 | D:4      | Noticed a phantom
  2293 | D:4      | XOM: confusion
  2305 | D:4      | XOM: enchant monster (bad)
  2320 | D:5      | Entered Level 5 of the Dungeon
  2323 | D:5      | XOM: polymorph worker ant -> howler monkey
  2325 | D:5      | Slain by a jackal

Skill      XL: |  1  2  3  4 |
---------------+-------------+-----
Long Blades    | 3 |  3.8
Dodging        | 3 |  3.1
Armour         | 1 |  1.3
Shields        | 1 |  1.0
Fighting       | |  2.7
Throwing       | |  1.7
Stealth        | |  0.6

Action                   |  1- 3 |  4- 6 || total
-------------------------+-------+-------++-------
Melee: Long sword        |   202 |    98 ||   300
  Use: Potion            |     1 |     2 ||     3
 Stab: Sleeping          |     1 |       ||     1
  Eat: Chunk             |     2 |     2 ||     4
Armor: Leather armour    |    33 |       ||    33
       Ring mail         |    28 |    46 ||    74
       Skin              |       |    15 ||    15
Dodge: Dodged            |    68 |    28 ||    96
Block: Large shield      |    44 |    69 ||   113
       Rpst.: Long sword |    28 |    11 ||    39
